[Event "Titled Tuesday Blitz May 16 Early 2023"]
[White "Colas, Joshua"]
[Black "Ljukin, Sergei"]
[WhiteFideId "2044447"]
[BlackFideId "14102200"]
[WhiteElo "2347"]
[BlackElo "2312"]
[Result "1-0"]
[Round "05"]
[TimeControl "180+2"]
[Date "2023.05.16"]
[WhiteClock "0:00:44"]
[BlackClock "0:00:00"]

1. b3 e5 2. Bb2 Nc6 3. c4 Nf6 4. Nc3 d5 5. cxd5 Nxd5 6. e3 Ndb4 7. Qb1 Be6 8. a3 Nd5 9. b4 Nxc3 10. Bxc3 Bd6 11. Nf3 a6 12. Bd3 g6 13. b5 axb5 14. Bxb5 f6 15. d4 O-O 16. O-O Bd5 17. dxe5 Nxe5 18. Nxe5 fxe5 19. e4 Be6 20. a4 Qg5 21. Qc1 Rf4 22. Bd2 Bh3 23. g3 Bxf1 24. Qxf1 Qg4 25. Bxf4 exf4 26. Qc4+ Kg7 27. Qd4+ Kh6 28. e5 Be7 29. Bd7 Qg5 30. Qxf4 Qxf4 31. gxf4 Rd8 32. e6 Kg7 33. a5 Ra8 34. Kg2 Ra6 35. Bc8 Ra7 36. Kf3 Bb4 37. Rd1 Bd6 38. Rd5 Kf6 39. Kg4 Be7 40. f5 1-0


[Site "https://www.chess.com"]

[Event "Titled Tuesday Blitz May 16 Early 2023"]
[White "Antal, Gergely"]
[Black "Mrudul Dehankar"]
[WhiteFideId "717312"]
[BlackFideId "25096990"]
[WhiteElo "2471"]
[BlackElo "2139"]
[Result "0-1"]
[Round "05"]
[TimeControl "180+2"]
[Date "2023.05.16"]
[WhiteClock "0:00:00"]
[BlackClock "0:00:04"]

1. b3 e5 2. Bb2 Nc6 3. e3 d5 4. Bb5 Bd6 5. Ne2 Nf6 6. O-O O-O 7. Bxc6 bxc6 8. f4 e4 9. a4 Qe7 10. a5 Ba6 11. Nbc3 c5 12. Kh1 d4 13. Na4 d3 14. Ng3 Rfe8 15. c4 Rab8 16. Ra3 Bc8 17. Nc3 a6 18. f5 Be5 19. Qa1 Bxg3 20. hxg3 Ng4 21. Rf4 Qg5 22. Kg1 Qh5 23. Rxg4 Qxg4 24. Nd5 Bxf5 25. Nxc7 Qxg3 26. Nxe8 Rxe8 27. Qf1 Qg4 28. Ra1 Re6 29. Qf4 Qxf4 30. exf4 e3 31. dxe3 Rxe3 32. Rd1 Re2 33. Bc3 Rc2 34. Bd2 h5 35. Be3 Rb2 0-1


[Site "https://www.chess.com"]

[Event "Titled Tuesday Blitz May 16 Early 2023"]
[White "Sowul, Bartosz"]
[Black "Korchmar, Vasiliy"]
[WhiteFideId "1137590"]
[BlackFideId "24131750"]
[WhiteElo "2188"]
[BlackElo "2370"]
[Result "0-1"]
[Round "05"]
[TimeControl "180+2"]
[Date "2023.05.16"]
[WhiteClock "0:00:30"]
[BlackClock "0:02:17"]

1. e4 c5 2. Nc3 d6 3. d4 cxd4 4. Qxd4 Nc6 5. Qd2 g6 6. b3 Bh6 7. f4 Nf6 8. Bb2 O-O 9. O-O-O a5 10. a4 Nb4 11. Kb1 Qb6 12. Nf3 Bg4 13. Be2 Rfc8 14. h3 Nxe4 15. Nxe4 Rxc2 16. Qd4 Rxb2+ 17. Qxb2 Bf5 18. Nd2 Bg7 19. g4 Bxe4+ 20. Nxe4 Bxb2 21. Kxb2 Qe3 22. Nc3 Rc8 23. Bc4 Qf2+ 24. Ne2 Rxc4 25. bxc4 Qxe2+ 26. Kb3 Qc2+ 27. Ka3 Qa2# 0-1


[Site "https://www.chess.com"]

[Event "Titled Tuesday Blitz May 16 Early 2023"]
[White "Turzo, Attila"]
[Black "Manukyan, Sargis A."]
[WhiteFideId "704954"]
[BlackFideId "13303970"]
[WhiteElo "2474"]
[BlackElo "2187"]
[Result "0-1"]
[Round "05"]
[TimeControl "180+2"]
[Date "2023.05.16"]
[WhiteClock "0:00:00"]
[BlackClock "0:00:10"]

1. d4 d5 2. c4 e6 3. Nf3 Nf6 4. g3 Be7 5. Bg2 O-O 6. O-O dxc4 7. Qc2 a6 8. a4 c5 9. dxc5 Nbd7 10. c6 bxc6 11. Nbd2 c5 12. Nxc4 Bb7 13. Bf4 Nd5 14. Bd2 h6 15. a5 Qc7 16. Rfd1 Rac8 17. Bc3 Nxc3 18. bxc3 Rfd8 19. Rab1 Bd5 20. Nb6 Nxb6 21. Rxb6 Rd6 22. c4 Be4 23. Qb3 Rxb6 24. axb6 Qb7 25. Ne1 Bxg2 26. Nxg2 Rb8 27. Rb1 Bd8 28. Qa4 Bxb6 29. Ra1 a5 30. Rb1 Qc7 31. Rb5 Ba7 32. Ne3 Rxb5 33. cxb5 Bb6 34. Qc4 Qd8 35. Qa4 Qd4 36. Qxd4 cxd4 37. Nc4 Bd8 38. b6 a4 39. b7 Bc7 40. Kf1 Kf8 41. Ke1 Ke7 42. Kd1 Kd7 43. Kc2 Kc6 44. Na5+ Kb6 45. Nc4+ Kxb7 46. Nb2 a3 47. Nc4 a2 48. Kb2 Kc6 49. Kxa2 Kc5 50. Kb3 e5 51. f3 f5 52. h3 g5 53. g4 e4 54. fxe4 fxe4 55. Nd2 Kd5 56. Nc4 Bf4 57. Kb4 Bc7 58. Kb5 d3 59. e3 Bf4 60. Kb4 Bxe3 61. Nxe3+ Kd4 62. Nf5+ Ke5 63. Kc3 h5 64. Kd2 h4 65. Ke3 d2 66. Kxd2 Kf4 67. Ke2 e3 0-1


[Site "https://www.chess.com"]

[Event "Titled Tuesday Blitz May 16 Early 2023"]
[White "Levitskiy, Andrey"]
[Black "Jimenez Almeida, Luis David"]
[WhiteFideId "14132885"]
[BlackFideId "22242244"]
[WhiteElo "2347"]
[BlackElo "2245"]
[Result "0-1"]
[Round "05"]
[TimeControl "180+2"]
[Date "2023.05.16"]
[WhiteClock "0:00:00"]
[BlackClock "0:00:07"]

1. e4 c5 2. Nf3 e6 3. d4 cxd4 4. Nxd4 a6 5. Nc3 Qc7 6. g3 b5 7. a3 Bb7 8. Bg2 Nf6 9. O-O Bc5 10. Be3 O-O 11. Qe2 d6 12. Rad1 Nbd7 13. f4 Rac8 14. g4 d5 15. e5 Ne4 16. Nxe4 dxe4 17. c3 Rfd8 18. Qf2 Bd5 19. Ne2 Bxe3 20. Qxe3 Nc5 21. Ng3 Bc4 22. Rfe1 Nd3 23. Re2 Nxe5 24. Rxd8+ Rxd8 25. fxe5 Bxe2 26. Qxe2 Qc5+ 27. Kh1 e3 28. Ne4 Qxe5 29. h3 f5 30. Ng5 Rd2 31. Qf3 Rd8 32. Bf1 h6 33. gxf5 hxg5 34. fxe6 Qf4 35. Qb7 Qxf1+ 0-1


[Site "https://www.chess.com"]

[Event "Titled Tuesday Blitz May 16 Early 2023"]
[White "Martic, Ivan"]
[Black "Herrera Ortiz, Miguel"]
[WhiteFideId "929301"]
[BlackFideId "5100550"]
[WhiteElo "2360"]
[BlackElo "2620"]
[Result "1-0"]
[Round "05"]
[TimeControl "180+2"]
[Date "2023.05.16"]
[WhiteClock "0:00:51"]
[BlackClock "0:00:15"]

1. e4 e6 2. d4 d5 3. e5 c5 4. c3 Ne7 5. Nf3 Nec6 6. h4 b6 7. a4 Ba6 8. Bb5 Bxb5 9. axb5 Na5 10. Kf1 c4 11. Bg5 Qd7 12. Nbd2 Qxb5 13. Qc2 h6 14. Bf4 Nd7 15. Rh3 Nb3 16. Re1 a5 17. Kg1 a4 18. Nb1 Qc6 19. Rg3 b5 20. h5 O-O-O 21. Na3 Nb8 22. Qe2 Na6 23. Nc2 Kb7 24. Nd2 Rd7 25. Nb1 Qc8 26. Rf3 b4 27. cxb4 Nxb4 28. Nxb4 Bxb4 29. Rd1 Ka8 30. Rg3 Rg8 31. Qc2 Qf8 32. Nc3 Ra7 33. Nb5 Rb7 34. Nd6 Bxd6 35. exd6 f6 36. Qh7 Qf7 37. Bxh6 c3 38. bxc3 a3 39. Bc1 Nxc1 40. Rxc1 a2 41. c4 dxc4 42. Ra3+ Ra7 43. Rxa7+ Kxa7 44. Qc2 Qb7 45. Qxa2+ Kb8 46. Rb1 1-0


[Site "https://www.chess.com"]

[Event "Titled Tuesday Blitz May 16 Early 2023"]
[White "hakanazeri2"]
[Black "UNSTOPPABLE_LEGEND"]
[WhiteElo "2607"]
[BlackElo "2465"]
[Result "1-0"]
[Round "05"]
[TimeControl "180+2"]
[Date "2023.05.16"]
[WhiteClock "0:00:24"]
[BlackClock "0:00:02"]

1. d4 Nf6 2. Nc3 d5 3. Bf4 c5 4. e3 cxd4 5. exd4 a6 6. Nf3 Nc6 7. Bd3 Bg4 8. Ne2 e6 9. c3 Bxf3 10. gxf3 Bd6 11. Qd2 Qc7 12. Bg3 Ne7 13. h4 Nf5 14. Bxf5 exf5 15. Qg5 O-O 16. Rg1 Ne8 17. Qxf5 Rd8 18. O-O-O g6 19. Qg5 Qe7 20. Bxd6 Qxd6 21. Nf4 Ng7 22. Rde1 f6 23. Qg4 Rde8 24. h5 g5 25. Rxe8 Rxe8 26. h6 Ne6 27. Nh5 Qe7 28. Qf5 Qf7 29. Nxf6+ Kh8 30. Qe5 Nf8 31. Nxe8+ 1-0


[Site "https://www.chess.com"]

[Event "Titled Tuesday Blitz May 16 Early 2023"]
[White "Agibileg, Uurtsaikh"]
[Black "Rom, Jasper"]
[WhiteFideId "4901606"]
[BlackFideId "2023733"]
[WhiteElo "2353"]
[BlackElo "2233"]
[Result "1-0"]
[Round "05"]
[TimeControl "180+2"]
[Date "2023.05.16"]
[WhiteClock "0:01:25"]
[BlackClock "0:00:00"]

1. d4 d5 2. c4 e6 3. Nc3 c6 4. Nf3 dxc4 5. e3 b5 6. a4 Bb4 7. Be2 Bb7 8. O-O a6 9. Ne5 Nf6 10. Bf3 Nd5 11. Qc2 Nd7 12. e4 N5b6 13. Ng4 Nf6 14. Bg5 Be7 15. Bxf6 Bxf6 16. e5 Be7 17. axb5 axb5 18. Nxb5 O-O 19. Rxa8 Bxa8 20. Nc3 Qxd4 21. Rd1 Qf4 22. Ne2 Qg5 23. g3 Bc5 24. Nc3 h5 25. h4 Qf5 26. Qxf5 exf5 27. Nh2 Nd5 28. Bxh5 g6 29. Be2 Re8 30. Nf3 Nxc3 31. bxc3 Rb8 32. Bxc4 Rb2 33. Rd8+ Kg7 34. Nd4 Rxf2 35. Kxf2 1-0


[Site "https://www.chess.com"]

[Event "Titled Tuesday Blitz May 16 Early 2023"]
[White "Chernov, Mikhail"]
[Black "Iskusnyh, Sergei"]
[WhiteFideId "24143170"]
[BlackFideId "4120027"]
[WhiteElo "2113"]
[BlackElo "2492"]
[Result "0-1"]
[Round "05"]
[TimeControl "180+2"]
[Date "2023.05.16"]
[WhiteClock "0:00:04"]
[BlackClock "0:00:36"]

1. e4 e6 2. d4 d5 3. c4 dxe4 4. Nc3 Nf6 5. f3 c5 6. d5 exd5 7. cxd5 e3 8. Bxe3 Bd6 9. Qc2 Qe7 10. Kf2 O-O 11. Re1 a6 12. Nh3 Bxh3 13. gxh3 Nbd7 14. Rg1 Be5 15. Bd3 Qd6 16. Rg2 Bd4 17. Bxd4 cxd4 18. Ne4 Qxd5 19. Reg1 g6 20. Qd2 Nxe4+ 21. Bxe4 Qd6 22. Qh6 Kh8 23. Bxg6 fxg6 24. Rxg6 Rxf3+ 25. Kxf3 Ne5+ 0-1


[Site "https://www.chess.com"]

[Event "Titled Tuesday Blitz May 16 Early 2023"]
[White "Makaraci, Tunahan"]
[Black "Srebrnic, Marko"]
[WhiteFideId "6356559"]
[BlackFideId "14603616"]
[WhiteElo "2160"]
[BlackElo "2341"]
[Result "1-0"]
[Round "05"]
[TimeControl "180+2"]
[Date "2023.05.16"]
[WhiteClock "0:00:11"]
[BlackClock "0:00:00"]

1. d4 Nf6 2. e3 e6 3. Nf3 b6 4. Bd3 c5 5. c3 Bb7 6. O-O Be7 7. Nbd2 O-O 8. Qe2 d5 9. Ne5 Nbd7 10. f4 Qc8 11. Ndf3 a5 12. Ng5 h6 13. Nh3 Ba6 14. g4 Bxd3 15. Nxd3 cxd4 16. exd4 Ne4 17. Nhf2 Nxf2 18. Rxf2 Nf6 19. Rg2 Ne4 20. Nf2 Nxf2 21. Qxf2 g6 22. f5 Bg5 23. Bxg5 hxg5 24. Rf1 f6 25. fxg6 Kg7 26. h4 Kxg6 27. Qe3 gxh4 28. g5 f5 29. Rf4 Rh8 30. Rh2 Ra7 31. Rfxh4 Rah7 32. Rxh7 Rxh7 33. Rxh7 Kxh7 34. Qh3+ Kg8 35. Qh5 Qc7 36. Qg6+ Kf8 37. Qf6+ Qf7 38. Qd8+ Kg7 39. Qxb6 f4 40. Qd6 Qf5 41. Qe5+ 1-0


[Site "https://www.chess.com"]

[Event "Titled Tuesday Blitz May 16 Early 2023"]
[White "Sebag, Marie"]
[Black "Jumanov, Elbek"]
[WhiteFideId "617822"]
[BlackFideId "14202905"]
[WhiteElo "2431"]
[BlackElo "2055"]
[Result "1-0"]
[Round "05"]
[TimeControl "180+2"]
[Date "2023.05.16"]
[WhiteClock "0:00:10"]
[BlackClock "0:00:04"]

1. c4 c5 2. Nc3 Nc6 3. g3 g6 4. Bg2 Bg7 5. Nf3 Nf6 6. O-O O-O 7. d3 d5 8. cxd5 Nxd5 9. Bd2 Nc7 10. Rc1 b6 11. a3 Bb7 12. Qc2 Ne6 13. e3 Qd7 14. Rfd1 Rfd8 15. Be1 Rac8 16. Qa4 Na5 17. Qh4 Bf6 18. Qh3 Bc6 19. b4 cxb4 20. axb4 Nb7 21. d4 Bxf3 22. Bxf3 Ng5 23. Qg2 Nxf3+ 24. Qxf3 Nd6 25. Ne4 Nxe4 26. Qxe4 Qa4 27. h4 h5 28. Qb7 Rxc1 29. Rxc1 Rd7 30. Qc8+ Kh7 31. Kg2 Kg7 32. Qe8 Qb5 33. Rc8 Qd5+ 34. f3 g5 35. Qh8+ Kg6 36. Rg8+ Kf5 37. e4+ Qxe4 38. fxe4+ Kxe4 39. Qxh5 Rxd4 40. Qf3+ Ke5 41. Bc3 Ke6 42. Bxd4 Bxd4 43. Qe4+ Be5 44. hxg5 Kd6 45. g6 fxg6 46. Rxg6+ 1-0


[Site "https://www.chess.com"]

[Event "Titled Tuesday Blitz May 16 Early 2023"]
[White "Rios Escobar, Adan"]
[Black "Jakubowski, Krzysztof"]
[WhiteFideId "3403645"]
[BlackFideId "1112848"]
[WhiteElo "2455"]
[BlackElo "2359"]
[Result "1-0"]
[Round "05"]
[TimeControl "180+2"]
[Date "2023.05.16"]
[WhiteClock "0:00:02"]
[BlackClock "0:00:45"]

1. d4 Nf6 2. g3 d5 3. Nf3 c6 4. c4 dxc4 5. Bg2 b5 6. O-O a5 7. b3 cxb3 8. a4 b4 9. Qxb3 e6 10. Bb2 Be7 11. Ne5 O-O 12. Nd2 Ra6 13. Rac1 Bb7 14. Rc2 Nd5 15. Rfc1 Ba8 16. Ne4 f6 17. Nd3 Nd7 18. Bh3 f5 19. Nec5 Nxc5 20. Nxc5 Bxc5 21. dxc5 Ra7 22. e4 fxe4 23. Bxe6+ Kh8 24. Re1 e3 25. fxe3 Re7 26. Bh3 Bb7 27. Rd2 Qe8 28. Bd4 Bc8 29. Bg2 Bf5 30. Qb2 Be4 31. Bxe4 Rxe4 32. Bxg7+ Kg8 33. Bxf8 Qxf8 34. Rf2 Qh6 35. Qc2 Rxe3 36. Rxe3 Qxe3 37. Qf5 Qe1+ 38. Rf1 Qe3+ 39. Qf2 Qe7 40. Qd4 h5 41. Rf5 Kh7 42. Rxh5+ Kg6 43. Qg4+ Kf6 44. Rf5+ Ke6 45. Rg5+ Kf7 46. Rg7+ 1-0


[Site "https://www.chess.com"]

[Event "Titled Tuesday Blitz May 16 Early 2023"]
[White "Bodnaruk, Anastasia"]
[Black "Zavortink, Matt"]
[WhiteFideId "4181751"]
[BlackFideId "2034263"]
[WhiteElo "2304"]
[BlackElo "2454"]
[Result "1-0"]
[Round "05"]
[TimeControl "180+2"]
[Date "2023.05.16"]
[WhiteClock "0:00:08"]
[BlackClock "0:00:02"]

1. e4 e6 2. d4 d5 3. e5 c5 4. c3 Nc6 5. Nf3 Bd7 6. Be2 Nge7 7. Na3 cxd4 8. cxd4 Nf5 9. Nc2 Be7 10. O-O O-O 11. g4 Nh4 12. Nxh4 Bxh4 13. f4 f6 14. Be3 Rc8 15. Bd3 fxe5 16. dxe5 Be7 17. Qd2 d4 18. Bf2 Qb6 19. Rab1 Rfd8 20. Be4 Be8 21. b4 Qb5 22. Rb3 d3 23. Rxd3 Rxd3 24. Qxd3 Qxd3 25. Bxd3 Nxb4 26. Nxb4 Bxb4 27. Bxa7 Ra8 28. Bf2 Bc6 29. Bc4 Kf7 30. f5 Bd5 31. Bxd5 exd5 32. Rd1 Ra5 33. Rc1 Rxa2 34. e6+ Ke8 35. Rc8+ Ke7 36. Bh4+ Kd6 37. e7 Bc5+ 38. Rxc5 1-0


[Site "https://www.chess.com"]

[Event "Titled Tuesday Blitz May 16 Early 2023"]
[White "Avazkhonov, Alikhon"]
[Black "Sourath Biswas"]
[WhiteFideId "14208504"]
[BlackFideId "35091484"]
[WhiteElo "1739"]
[BlackElo "2171"]
[Result "0-1"]
[Round "05"]
[TimeControl "180+2"]
[Date "2023.05.16"]
[WhiteClock "0:00:02"]
[BlackClock "0:00:24"]

1. d4 Nf6 2. c4 g6 3. Nc3 Bg7 4. e4 O-O 5. f3 d6 6. Be3 c5 7. Nge2 Nc6 8. Qd2 a6 9. d5 Ne5 10. Ng3 Bd7 11. a4 Qa5 12. h3 b5 13. cxb5 axb5 14. Bxb5 Bxb5 15. Nxb5 Qxb5 16. axb5 Rxa1+ 17. Kf2 Ra2 18. Rc1 Rxb2 19. Rc2 Nc4 20. Rxb2 Nxd2 21. Rxd2 Rb8 22. e5 Nd7 23. exd6 exd6 24. Ne4 Rb6 25. Ra2 f5 26. Ra8+ Nf8 27. Ng5 Rxb5 28. Ne6 Rb7 29. Nxf8 Bxf8 30. Bh6 Rf7 31. Rd8 f4 32. h4 Rf5 33. Ke2 Rf6 34. Kd3 Rf5 35. Kc4 Rf6 36. Kb5 Rf5 37. Bxf8 Rxf8 38. Rxd6 Rb8+ 39. Kxc5 Rb2 40. Rc6 Kf7 41. Rc7+ Ke8 42. Kd6 Rxg2 43. Rxh7 Rf2 44. Rh8+ Kf7 45. Kd7 Rxf3 46. d6 Rd3 47. Kc7 Rc3+ 48. Kd8 Rd3 49. d7 f3 50. Rh7+ Kg8 51. Re7 f2 52. Ke8 f1=Q 53. d8=Q Qf8# 0-1


[Site "https://www.chess.com"]

[Event "Titled Tuesday Blitz May 16 Early 2023"]
[White "Bartel, Michal"]
[Black "Panda Sambit"]
[WhiteFideId "1119257"]
[BlackFideId "25091794"]
[WhiteElo "2282"]
[BlackElo "2272"]
[Result "0-1"]
[Round "05"]
[TimeControl "180+2"]
[Date "2023.05.16"]
[WhiteClock "0:01:36"]
[BlackClock "0:00:45"]

1. e4 c6 2. Nc3 d5 3. Nf3 Bg4 4. h3 Bxf3 5. Qxf3 e6 6. g4 Bc5 7. Bg2 Nd7 8. Qe2 Ne7 9. d3 Ng6 10. exd5 cxd5 11. Bxd5 O-O 12. Bxb7 Rb8 13. Be4 f5 14. Bg2 fxg4 15. O-O Nde5 16. hxg4 Qh4 17. Be3 Nxg4 18. Rfe1 Qh2+ 19. Kf1 Nxe3+ 20. Qxe3 Bxe3 21. Rxe3 Rxb2 22. Rc1 Qf4 23. Bf3 Nh4 24. Ne2 Qg5 25. Ng1 Nxf3 26. Nxf3 Rxf3 27. Rxf3 Qxc1+ 0-1


[Site "https://www.chess.com"]

[Event "Titled Tuesday Blitz May 16 Early 2023"]
[White "Devaev, Alexander"]
[Black "wqws"]
[WhiteFideId "4169395"]
[WhiteElo "2172"]
[BlackElo "2589"]
[Result "0-1"]
[Round "05"]
[TimeControl "180+2"]
[Date "2023.05.16"]
[WhiteClock "0:00:16"]
[BlackClock "0:00:40"]

1. Nf3 Nf6 2. d4 d5 3. c4 e6 4. Nc3 Bb4 5. Bd2 O-O 6. a3 Bxc3 7. Bxc3 a5 8. e3 Ne4 9. Rc1 Nxc3 10. bxc3 Qe7 11. Qb3 a4 12. Qb4 Qd8 13. c5 Nc6 14. Qb2 b6 15. cxb6 cxb6 16. c4 Ba6 17. cxd5 Bxf1 18. Rxf1 Qxd5 19. Qxb6 Na5 20. Rc5 Qa2 21. Nd2 Nb3 22. Nc4 Rab8 23. Qc7 Nxc5 0-1


[Site "https://www.chess.com"]

[Event "Titled Tuesday Blitz May 16 Early 2023"]
[White "Weishaeutel, Moritz"]
[Black "Cezila Jr, Rubens"]
[WhiteFideId "12967300"]
[BlackFideId "2116723"]
[WhiteElo "2301"]
[BlackElo "2214"]
[Result "0-1"]
[Round "05"]
[TimeControl "180+2"]
[Date "2023.05.16"]
[WhiteClock "0:00:04"]
[BlackClock "0:00:08"]

1. e4 c6 2. Nc3 d5 3. Qe2 d4 4. Nd1 c5 5. d3 Nc6 6. f4 e5 7. Nf3 Bd6 8. g3 h5 9. Nf2 Nf6 10. f5 b5 11. Bg5 Qa5+ 12. Nd2 Nb4 13. Qd1 Nd7 14. Bg2 c4 15. O-O Ba6 16. a4 bxa4 17. Nxc4 Bxc4 18. dxc4 Nc5 19. f6 g6 20. c3 Nc6 21. cxd4 Nxd4 22. Be3 Rd8 23. Bxd4 exd4 24. e5 Bxe5 25. Re1 Nd7 26. Rxa4 Qc7 27. Nd3 O-O 28. Nxe5 Nxe5 29. Qd2 Ng4 30. Ra6 Qxc4 31. Rc6 Qb5 32. Rec1 d3 33. h3 Nxf6 34. Rxf6 Qe5 35. Rcf1 Qd4+ 36. Qf2 d2 37. Qxd4 Rxd4 38. Rd1 Re8 39. Rf2 Re1+ 40. Rf1 Re2 41. Bf3 Re3 42. Rf2 Rb3 43. Rdxd2 Rxd2 44. Rxd2 Rxf3 45. Kg2 Rb3 46. Kf2 Kg7 47. Kg2 g5 48. g4 hxg4 49. hxg4 Kg6 50. Rd6+ f6 51. Rd2 a5 52. Kg1 a4 53. Rd4 Rxb2 54. Rxa4 Kf7 55. Kf1 Ke6 56. Kg1 Ke5 57. Rc4 Rd2 58. Ra4 Rd4 59. Ra5+ Ke6 60. Ra6+ Kf7 61. Ra7+ Kg6 62. Ra4 Rxa4 0-1


[Site "https://www.chess.com"]

[Event "Titled Tuesday Blitz May 16 Early 2023"]
[White "Yeritsyan, Hayk"]
[Black "SashaKuzhilniy"]
[WhiteFideId "13307320"]
[WhiteElo "2443"]
[BlackElo "2580"]
[Result "0-1"]
[Round "05"]
[TimeControl "180+2"]
[Date "2023.05.16"]
[WhiteClock "0:00:00"]
[BlackClock "0:00:05"]

1. c4 e5 2. Nc3 Nc6 3. g3 f5 4. Bg2 d6 5. Rb1 a5 6. a3 g6 7. b4 axb4 8. axb4 Bg7 9. b5 Nce7 10. Nf3 e4 11. Ng5 h6 12. Nh3 Be6 13. Qb3 Nf6 14. O-O O-O 15. d3 exd3 16. exd3 Nd7 17. Nf4 Bf7 18. Ncd5 Nc5 19. Qc2 Nxd5 20. Nxd5 Kh7 21. Be3 Ne6 22. Qd2 Ra3 23. Nf4 Nxf4 24. Bxf4 b6 25. h4 Qf6 26. Rfe1 Re8 27. Rxe8 Bxe8 28. Re1 Bf7 29. Bd5 Bxd5 30. cxd5 Ra1 31. Rxa1 Qxa1+ 32. Qc1 Qxc1+ 33. Bxc1 Bf6 34. Kg2 g5 35. hxg5 hxg5 36. g4 Kg6 37. Kf3 Bd4 38. Bd2 Kf6 39. Be1 Ke5 40. gxf5 Kxf5 41. Bd2 g4+ 42. Kg3 Be5+ 43. f4 Bg7 44. Be3 Bc3 45. Bf2 Bd2 46. Kg2 Bxf4 47. Bh4 Bg5 48. Bf2 Bf6 49. Bg3 Be5 50. Bh4 Bf6 51. Bg3 Bg5 52. Kf1 Bf4 53. Bh4 Ke5 54. Bd8 Kxd5 55. Bxc7 Be3 56. Ke2 Bc5 57. Bd8 g3 58. Kf3 Bf2 59. Bh4 Kd4 60. Kg2 Kxd3 61. Be7 d5 62. Bd8 Kc4 0-1


[Site "https://www.chess.com"]

[Event "Titled Tuesday Blitz May 16 Early 2023"]
[White "Potkin, Vladimir"]
[Black "Vovk, Orest"]
[WhiteFideId "4131061"]
[BlackFideId "14113490"]
[WhiteElo "2474"]
[BlackElo "2215"]
[Result "1-0"]
[Round "05"]
[TimeControl "180+2"]
[Date "2023.05.16"]
[WhiteClock "0:01:06"]
[BlackClock "0:00:17"]

1. Nf3 Nf6 2. c4 h6 3. Nc3 g5 4. d4 Bg7 5. e4 d6 6. Be2 Nc6 7. d5 g4 8. dxc6 gxf3 9. Bxf3 bxc6 10. e5 dxe5 11. Bxc6+ Bd7 12. Bxa8 Qxa8 13. Nd5 Nxd5 14. cxd5 c6 15. d6 c5 16. O-O Bf6 17. Be3 Rg8 18. f3 Qc6 19. dxe7 e4 20. Rc1 Bh3 21. Qd8# 1-0


[Site "https://www.chess.com"]

[Event "Titled Tuesday Blitz May 16 Early 2023"]
[White "Al-Tarboush, Ward"]
[Black "Kalajzic, Ivan"]
[WhiteFideId "7601450"]
[BlackFideId "14506378"]
[WhiteElo "2265"]
[BlackElo "2203"]
[Result "1-0"]
[Round "05"]
[TimeControl "180+2"]
[Date "2023.05.16"]
[WhiteClock "0:01:13"]
[BlackClock "0:00:00"]

1. d4 Nc6 2. d5 Ne5 3. f4 Ng6 4. f5 Ne5 5. Bf4 d6 6. e4 g6 7. Bxe5 dxe5 8. fxg6 hxg6 9. Nf3 Qd6 10. Nbd2 Bg7 11. Bb5+ Kf8 12. Qe2 a6 13. Bd3 b5 14. O-O-O Nf6 15. Rhf1 Kg8 16. h3 Nh5 17. Qf2 Bh6 18. Nxe5 Nf4 19. Ng4 Bxg4 20. hxg4 Bg5 21. g3 Nxd3+ 22. cxd3 Rh7 23. Kb1 Bxd2 24. Rxd2 Rf8 25. Rc2 Rh3 26. Rg1 c5 27. Rxc5 Kg7 28. Rc6 Qe5 29. Qf4 Qd4 30. Rd1 Rh2 31. Qc1 Rfh8 32. Qc3 Qxc3 33. bxc3 Rg2 34. e5 Rhh2 35. Rxa6 Rb2+ 36. Ka1 Rbc2 37. d6 exd6 38. exd6 Rhd2 39. Rxd2 Rxd2 40. d4 b4 41. cxb4 Rxd4 42. b5 Rxg4 43. b6 Rxg3 44. b7 Rg1+ 45. Kb2 Rg2+ 46. Ka3 1-0


[Site "https://www.chess.com"]

[Event "Titled Tuesday Blitz May 16 Early 2023"]
[White "Gurevich, Dmitry"]
[Black "Hajiyev, Kanan"]
[WhiteFideId "2000407"]
[BlackFideId "13404148"]
[WhiteElo "2506"]
[BlackElo "2103"]
[Result "1-0"]
[Round "05"]
[TimeControl "180+2"]
[Date "2023.05.16"]
[WhiteClock "0:00:54"]
[BlackClock "0:00:16"]

1. d4 Nf6 2. c4 e6 3. Nf3 b6 4. g3 Ba6 5. b3 Bb4+ 6. Bd2 Be7 7. Bg2 O-O 8. O-O d5 9. cxd5 exd5 10. Nc3 Ne4 11. Rc1 Bb7 12. Bf4 Bd6 13. Bxd6 Nxd6 14. Ne5 c6 15. e4 dxe4 16. Nxe4 f6 17. Nxd6 Qxd6 18. Nc4 Qd7 19. Qh5 Na6 20. Bh3 Qf7 21. Qxf7+ Kxf7 22. Nd6+ Ke7 23. Nxb7 f5 24. Rxc6 Kd7 25. Rfc1 Rab8 26. Rd6+ Ke7 27. Re1+ Kf7 28. Rd7+ Kf6 29. Bg2 Rfe8 30. Rd6+ Kf7 31. Bd5+ Kf8 32. Rxe8+ Kxe8 33. a3 Nc7 34. Bc6+ Ke7 35. Rd7+ 1-0


[Site "https://www.chess.com"]

[Event "Titled Tuesday Blitz May 16 Early 2023"]
[White "Seinw1"]
[Black "Senft, Sean"]
[BlackFideId "2044960"]
[WhiteElo "2565"]
[BlackElo "1989"]
[Result "0-1"]
[Round "05"]
[TimeControl "180+2"]
[Date "2023.05.16"]
[WhiteClock "0:00:05"]
[BlackClock "0:00:56"]

1. c4 c5 2. Nc3 Nc6 3. g3 g6 4. Bg2 Bg7 5. e4 e5 6. Nge2 Nge7 7. O-O O-O 8. d3 d6 9. f4 f5 10. Rb1 Be6 11. a3 Nd4 12. b4 Nec6 13. Nd5 Nxe2+ 14. Qxe2 Nd4 15. Qd1 Bxd5 16. cxd5 b6 17. bxc5 bxc5 18. Bd2 Rb8 19. Qa4 fxe4 20. Bxe4 Rxb1 21. Rxb1 exf4 22. Bxf4 Ne2+ 23. Kh1 Nxf4 24. gxf4 Qh4 25. Qxa7 Bh6 26. Qa4 Bxf4 27. Qc2 Be5 28. Kg1 Bd4+ 29. Kh1 Rf2 30. Qxf2 Qxf2 31. a4 Qa2 32. Rb8+ Kg7 33. Rb7+ Kf6 0-1


[Site "https://www.chess.com"]

[Event "Titled Tuesday Blitz May 16 Early 2023"]
[White "Bruedigam, Martin"]
[Black "Jakic, Ivan"]
[WhiteFideId "24608033"]
[BlackFideId "14504901"]
[WhiteElo "2331"]
[BlackElo "2370"]
[Result "0-1"]
[Round "05"]
[TimeControl "180+2"]
[Date "2023.05.16"]
[WhiteClock "0:00:03"]
[BlackClock "0:01:47"]

1. d4 Nf6 2. c4 Nc6 3. Nf3 e6 4. Nc3 Bb4 5. Bd2 d6 6. e3 O-O 7. Be2 Qe7 8. O-O Bxc3 9. Bxc3 e5 10. d5 Nb8 11. Nd2 Nbd7 12. e4 Nc5 13. f3 a5 14. b3 Nh5 15. g3 f5 16. f4 Nf6 17. exf5 exf4 18. Bxf6 Rxf6 19. Rxf4 Bxf5 20. Nf1 Re8 21. Rf2 Ne4 22. Rf3 Ng5 23. Rxf5 Rxf5 24. Bg4 Rf6 25. Qd3 Qe5 26. Rd1 Ref8 27. Kg2 Rf2+ 28. Kg1 h5 29. Be6+ Nxe6 30. dxe6 Qxe6 31. Ne3 h4 32. Nd5 hxg3 33. hxg3 R2f3 0-1


[Site "https://www.chess.com"]

[Event "Titled Tuesday Blitz May 16 Early 2023"]
[White "Tarasova, Viktoriya"]
[Black "Filgueira, Hernan"]
[WhiteFideId "4175840"]
[BlackFideId "101770"]
[WhiteElo "2182"]
[BlackElo "2363"]
[Result "1-0"]
[Round "05"]
[TimeControl "180+2"]
[Date "2023.05.16"]
[WhiteClock "0:00:20"]
[BlackClock "0:00:00"]

1. d4 d6 2. c4 e5 3. Nc3 Nd7 4. Nf3 Ngf6 5. e4 Be7 6. Be2 O-O 7. O-O c6 8. Re1 a6 9. h3 b5 10. a3 Bb7 11. dxe5 dxe5 12. b4 Qc7 13. c5 a5 14. Rb1 axb4 15. axb4 Rfd8 16. Qc2 Nf8 17. Be3 Ne6 18. Red1 h6 19. Rxd8+ Rxd8 20. Rd1 Ra8 21. Qb2 Nh7 22. Nb1 Bf6 23. Nh2 Nd4 24. Bf1 h5 25. Nd2 Nf8 26. Ndf3 Nfe6 27. Be2 Nxe2+ 28. Qxe2 Ra4 29. Qb2 Bc8 30. Nf1 h4 31. N1h2 Nf4 32. Bxf4 exf4 33. e5 Be7 34. Qd2 Be6 35. Nd4 Qc8 36. Nhf3 Bd5 37. Qxf4 Bxf3 38. Qxf3 Ra6 39. Nf5 Bf8 40. Qg4 Qe6 41. f4 1-0


[Site "https://www.chess.com"]